 Dungeon Crawl Stone Soup version 0.28.0-47-ge53b351184 (webtiles) character file.

Game seed: 3033347887466169935

29376 burmascar the Ogre Mage (level 13, -8/127 HPs)
             Began as an Ogre Transmuter on Apr 26, 2022.
             Was the Champion of Hepliaklqana.
             Mangled by a death knight
             ... wielding a +0 battleaxe
              (30 damage)
             ... on level 11 of the Dungeon.
             The game lasted 01:35:40 (22898 turns).

burmascar the Ogre Mage (Ogre Transmuter)          Turns: 22898, Time: 01:35:40

Health: -8/127     AC:  9    Str: 21    XL:     13   Next: 44%
Magic:  26/27      EV: 15    Int: 20    God:    Hepliaklqana [******]
Gold:   935        SH:  0    Dex:  9    Spells: 20/33 levels left

rFire   x . .      SeeInvis .     - Unarmed
rCold   + + +      Faith    .   (shield currently unavailable)
rNeg    . . .      Spirit   .   (armour currently unavailable)
rPois   +          Reflect  .   (helmet currently unavailable)
rElec   .          Harm     .   (cloak currently unavailable)
rCorr   .          Rampage  .   (gloves unavailable)
Will    +....                   (boots unavailable)
Stlth   ++........              (no amulet)
HPRegen 0.31/turn               z - +6 ring of intelligence
MPRegen 0.20/turn               i - +4 ring of evasion

@: ice-form, slowed, very slow
A: freezing attack, amphibious, boosted hp, reduced essence, large, unfitting
armour, (tough skin 1)
a: End Transformation, Renounce Religion, Recall Ancestor, Ancestor Identity,
Transference, Idealise


You were on level 11 of the Dungeon.
You worshipped Hepliaklqana.
Hepliaklqana was exalted by your worship.
You were a creature of crystalline ice.
You visited 4 branches of the dungeon, and saw 17 of its levels.

You collected 1030 gold pieces.
You spent 95 gold pieces at shops.

Inventory:

Armour
 a - a +0 robe (melded)
 J - a +0 cloak (melded)
Magical Staves
 y - a staff of death
Jewellery
 e - a ring of flight
 f - a +6 ring of intelligence
 i - a +4 ring of evasion (right front paw)
 l - a ring of poison resistance
 z - a +6 ring of intelligence (left front paw)
 B - an amulet of faith
Wands
 m - a wand of flame (54)
 v - a wand of mindburst (5)
 A - a wand of paralysis (15)
 I - a wand of iceblast (8)
Scrolls
 b - 4 scrolls of magic mapping
 c - a scroll of enchant armour
 d - 2 scrolls of enchant weapon
 g - a scroll of fog
 j - 2 scrolls of identify
 x - 2 scrolls of blinking {unknown}
 F - 2 scrolls of brand weapon {unknown}
 G - 9 scrolls of teleportation
Potions
 h - a potion of might {unknown}
 k - a potion of ambrosia
 n - 2 potions of magic
 o - 2 potions of heal wounds
 p - a potion of berserk rage {unknown}
 q - a potion of mutation {unknown}
 r - 3 potions of haste {unknown}
 s - 2 potions of curing
 t - 3 potions of attraction {unknown}
 u - a potion of resistance {unknown}
 E - a potion of brilliance {unknown}
 H - 3 potions of flight {unknown}


   Skills:
 + Level 5.2 Fighting
 - Level 4.0 Armour
 + Level 6.2 Dodging
 - Level 2.2 Stealth
 + Level 10.2 Unarmed Combat
 + Level 10.7 Spellcasting
 * Level 6.1 Summonings
 * Level 6.4 Necromancy
 + Level 8.3 Transmutations
 + Level 5.0 Ice Magic
 + Level 3.3 Poison Magic
 + Level 1.0 Invocations


You had 20 spell levels left.
You knew the following spells:

 Your Spells              Type           Power      Damage    Failure   Level
a - Beastly Appendage     Tmut           88%        N/A       1%          1
b - Wereblood             Tmut           44%        N/A       1%          2
c - Spider Form           Tmut/Pois      34%        N/A       1%          3
d - Ice Form              Ice/Tmut       37%        N/A       4%          4
e - Summon Guardian Gole  Hex/Summ       22%        N/A       5%          3

Your spell library contained the following spells:

 Spells                   Type           Power      Damage    Failure   Level
 Summon Small Mammal      Summ           100%       N/A       1%          1
 Call Canine Familiar     Summ           35%        N/A       1%          3
 Ozocubu's Armour         Ice            30%        N/A       2%          3
 Dispel Undead            Necr           36%        3d15      4%          4
 Static Discharge         Conj/Air       10%        N/A       10%         2
 Agony                    Necr           36%        N/A       13%         5
 Dazzling Flash           Conj/Hex       20%        N/A       19%         3
 Iskenderun's Mystic Bla  Conj/Tloc      10%        2d4       54%         4
 Sticky Flame             Conj/Fire      10%        2d3       54%         4
 Metabolic Englaciation   Hex/Ice        10%        N/A       54%         5
 Simulacrum               Ice/Necr       16%        N/A       67%         6
 Silence                  Hex/Air        5%         N/A       87%         5
 Starburst                Conj/Fire      5%         6d4       100%        6


Dungeon Overview and Level Annotations

Branches:
Dungeon (11/15)            Temple (0/1) D:5            Lair (4/6) D:9
  Swamp (0/4) Lair:3        Snake (1/4) Lair:2          Orc (1/2) D:9

Altars:
Hepliaklqana
Trog

Shops:
D:8 *   D:9 *


Innate Abilities, Weirdness & Mutations

You are a creature of crystalline ice.
You have a powerful freezing melee attack.
You are amphibious.
Your maximum health is increased.
Your armour is entirely melded.
You are incapable of wielding weapons or throwing items.
Your life essence is reduced to manifest your ancestor. (-10% HP)
You are too large for most types of armour.
((You have tough skin. (AC +1)))


Message History

You pummel the wraith!!
You destroy the wraith!
Absolom completely misses the death knight.
The death knight hits you with a +0 battleaxe!!
* * * LOW HITPOINT WARNING * * *
The death knight hits Absolom with a +0 battleaxe!
Absolom hits the death knight with a +0 quarterstaff.
Absolom suffers a backlash!
Okay, then.
Press: ? - help, v - describe, . - travel
Here: a death knight, wielding a +0 battleaxe and wearing a +0 plate armour (moderately wounded, reflecting injuries, ally target)
The floor.
Unknown command.
Unknown command.
You feel much better. The death knight completely misses you.
The death knight hits Absolom with a +0 battleaxe.
Absolom hits the death knight with a +0 quarterstaff.
Absolom suffers a backlash!
You barely miss the death knight.
The death knight is moderately wounded.
The death knight hits you with a +0 battleaxe.
The death knight hits Absolom with a +0 battleaxe!!
Absolom is destroyed!
The death knight hits you with a +0 battleaxe!!
You hit the death knight but do no damage.
The death knight is moderately wounded.
The death knight's dark mirror aura disappears.
The death knight hits you with a +0 battleaxe.
You pummel the death knight!! You freeze the death knight!
The death knight is heavily wounded.
The death knight completely misses you.
You punch the death knight! You freeze the death knight!
The death knight is almost dead.
The death knight mumbles some strange prayers to Yredelemnul against you.
Your body is wracked with pain!
* * * LOW HITPOINT WARNING * * *
You punch the death knight! You freeze the death knight.
The death knight is almost dead.
The death knight hits you with a +0 battleaxe!!
You die...

#.....####
###..........
#.............
#..............
#..............
#..............
#....p.........
#...Y..........
#...........#
######......#
#......###
######.........
#...##...######
#†#.##...#
#(#.##...#
###......#


You could see a death knight.

Vanquished Creatures
  An ogre mage (D:10)
  2 boulder beetles (D:10)
  Urug (Lair:1)
  2 death yaks (Lair:2)
  A bog body (Lair:3)
  A phantasmal warrior (D:11)
  Pikel (D:6)
  An ugly thing (D:11)
  A mana viper (Lair:2)
  A manticore (D:10)
  2 cyclopes
  2 black mambas
  Maurice (D:8)
  3 cane toads
  2 komodo dragons
  2 trolls (D:10)
  A polar bear (Lair:1)
  2 wraiths
  20 yaks
  A basilisk (Lair:1)
  A vampire mosquito (D:10)
  A warg (shapeshifter) (D:10)
  A warg (Orc:1)
  5 water moccasins
  An acid dragon (D:9)
  A naga (Lair:2)
  Duvessa (D:4)
  2 orc warriors
  A black bear (D:5)
  An ogre (D:6)
  4 centaurs
  3 phantoms
  2 kobold brigands
  8 bullfrogs
  6 scorpions
  A water moccasin zombie (D:5)
  Dowan (D:4)
  5 killer bees (D:9)
  7 howler monkeys
  A hound (D:5)
  2 centaur zombies
  5 orc priests
  A bullfrog skeleton (D:6)
  7 orc wizards
  6 hell rats (Lair:1)
  A hound skeleton (D:4)
  2 howler monkey zombies
  Robin (D:4)
  7 gnolls
  5 adders
  A howler monkey skeleton (D:5)
  A shadow imp (D:7)
  2 white imps
  2 ufetubi
  A dart slug (D:1)
  40 orcs
  3 endoplasms
  3 giant cockroaches (D:1)
  9 goblins
  6 hobgoblins
  2 quokkas
  5 ball pythons
  3 frilled lizards
  10 kobolds
  7 rats
  2 bushes
  A fungus (Lair:1)
236 creatures vanquished.

Vanquished Creatures (collateral kills)
  A fire dragon (D:10)
  A death knight (D:10)
  3 death yaks (Lair:2)
  The ghost of 4FPSwarrior the Conjurer, a novice DgCj (D:8)
  A naga ritualist (Lair:2)
  2 deep elf pyromancers
  A black mamba (Lair:2)
  A cane toad (Lair:3)
  Maggie (D:7)
  A freezing wraith (D:10)
  2 rime drakes (Lair:1)
  A komodo dragon (Lair:1)
  3 trolls
  3 blink frogs (Lair:3)
  A hornet (D:8)
  A wraith (D:11)
  2 wyverns
  6 yaks
  3 water moccasins
  2 black bears
  An orc warrior (D:9)
  An ice beast (D:5)
  A necrophage (D:6)
  2 phantoms
  A centaur (D:9)
  A kobold brigand (D:7)
  A scorpion (D:6)
  A gnoll sergeant (D:7)
  5 killer bees (D:9)
  An electric eel (Lair:2)
  A howler monkey (D:9)
  A bullfrog zombie (D:7)
  A hound (D:5)
  2 orc priests
  2 iguanas
  Ijyb (D:4)
  A hell rat (Lair:1)
  8 orc wizards
  A hound zombie (D:5)
  5 adders
  A shadow imp (D:6)
  A white imp (D:6)
  2 ufetubi
  15 orcs
  A ball python (D:4)
  An endoplasm (D:4)
  2 giant cockroaches
  2 goblins
  5 hobgoblins
  2 quokkas
  5 kobolds
  A rat (D:3)
  A bush (Lair:2)
  A butterfly (Lair:1)
115 creatures vanquished.

Vanquished Creatures (others)
  A wizard (D:5)
  A shadow imp (D:7)
  8 battlemagi
  67 fungi
  70 plants
147 creatures vanquished.

Grand Total: 498 creatures vanquished

Notes
Turn   | Place    | Note
-------+----------+-------------------------------------------
     0 | D:1      | burmascar the Ogre Transmuter began the quest for the Orb.
     0 | D:1      | Reached XP level 1. HP: 19/19 MP: 3/3
   658 | D:1      | Found a faded altar of an unknown god.
   665 | D:1      | Prayed at the altar of an unknown god.
   665 | D:1      | Became a worshipper of Hepliaklqana the Forgotten
   665 | D:1      | Reached * piety under Hepliaklqana
   687 | D:1      | Reached XP level 2. HP: 24/24 MP: 5/5
  1728 | D:2      | Reached XP level 3. HP: 11/31 MP: 4/6
  1976 | D:2      | Learned a level 2 spell: Wereblood
  2024 | D:2      | Reached ** piety under Hepliaklqana
  2025 | D:2      | Remembered your ancestor Absolom as a battlemage
  2399 | D:2      | You are sucked into a shaft and drop 1 floor!
  2509 | D:3      | Reached XP level 4. HP: 24/37 MP: 4/8
  3400 | D:3      | Reached XP level 5. HP: 38/44 MP: 7/9
  4001 | D:4      | Noticed a black bear
  4011 | D:4      | Killed a black bear
  4012 | D:4      | Reached skill level 1 in Stealth
  4012 | D:4      | Reached XP level 6. HP: 45/53 MP: 7/12
  4547 | D:4      | Noticed Robin
  4576 | D:4      | Reached XP level 7. HP: 46/59 MP: 9/13
  4594 | D:4      | Killed Robin
  4748 | D:4      | Reached *** piety under Hepliaklqana
  5142 | D:4      | Learned a level 3 spell: Spider Form
  5163 | D:4      | Noticed Ijyb
  5176 | D:4      | Killed Ijyb
  5177 | D:4      | Reached skill level 5 in Spellcasting
  5349 | D:4      | Noticed Dowan
  5351 | D:4      | Noticed Duvessa
  5362 | D:4      | Killed Duvessa
  5365 | D:4      | Killed Dowan
  5915 | D:5      | Entered Level 5 of the Dungeon
  5929 | D:5      | Reached skill level 5 in Unarmed Combat
  5929 | D:5      | Reached XP level 8. HP: 64/67 MP: 11/16
  5941 | D:5      | Found a staircase to the Ecumenical Temple.
  6077 | D:5      | Found a bloodstained altar of Trog.
  6078 | D:5      | Noticed a wizard
  6083 | D:5      | Killed a wizard
  6250 | D:5      | Noticed a troll
  6259 | D:5      | Killed a troll
  6260 | D:5      | Reached skill level 1 in Armour
  7474 | D:5      | Reached skill level 1 in Poison Magic
  7484 | D:5      | Reached XP level 9. HP: 67/74 MP: 15/18
  7923 | D:6      | Noticed Pikel
  7931 | D:6      | Killed Pikel
  7932 | D:6      | Reached skill level 5 in Transmutations
  7977 | D:6      | Reached **** piety under Hepliaklqana
  8915 | D:6      | Learned a level 4 spell: Ice Form
  9254 | D:7      | Noticed Maggie
  9273 | D:7      | Killed Maggie
  9274 | D:7      | Reached skill level 1 in Ice Magic
  9624 | D:7      | Noticed a troll
  9632 | D:7      | Reached XP level 10. HP: 55/81 MP: 13/21
 10006 | D:7      | Found a hazy altar of Hepliaklqana.
 10035 | D:7      | Noticed a deep elf pyromancer
 10042 | D:7      | Killed a deep elf pyromancer
 10043 | D:7      | Reached skill level 1 in Necromancy
 10684 | D:8      | Found Ucuaqiz's Assorted Antiques.
 10757 | D:8      | Bought a potion of heal wounds for 95 gold pieces
 10758 | D:8      | Noticed Maurice
 10765 | D:8      | Killed Maurice
 10802 | D:8      | Reached ***** piety under Hepliaklqana
 10914 | D:8      | Found a runed translucent door.
 10919 | D:8      | Noticed 4FPSwarrior's ghost (novice DgCj)
 10932 | D:8      | Killed 4FPSwarrior's ghost
 11428 | D:8      | Noticed a cyclops
 11441 | D:8      | Killed a cyclops
 12051 | D:9      | Reached XP level 11. HP: 53/88 MP: 23/23
 12420 | D:9      | Learned a level 3 spell: Summon Guardian Golem
 12856 | D:9      | Found a staircase to the Orcish Mines.
 12864 | D:9      | Reached skill level 1 in Summonings
 13155 | D:9      | Found a staircase to the Lair.
 13474 | D:9      | Found Gerchaowi's Island Escapes.
 13895 | Lair:1   | Entered Level 1 of the Lair of Beasts
 13902 | D:9      | Reached skill level 5 in Dodging
 15037 | Lair:1   | You fall into a shaft and drop 1 floor!
 15272 | Lair:2   | Found a staircase to the Snake Pit.
 16046 | Lair:1   | Noticed Urug
 16053 | Lair:1   | Killed Urug
 16384 | Lair:1   | Reached XP level 12. HP: 98/98 MP: 18/25
 17297 | Lair:2   | Noticed a death yak
 17297 | Lair:2   | Noticed a death yak
 17298 | Lair:2   | Noticed a death yak
 17299 | Lair:2   | Noticed a death yak
 17302 | Lair:2   | Noticed a death yak
 17305 | Lair:2   | Killed a death yak
 17310 | Lair:2   | Killed a death yak
 17313 | Lair:2   | Killed a death yak
 17319 | Lair:2   | Killed a death yak
 17333 | Lair:2   | Killed a death yak
 18120 | Snake:1  | Entered Level 1 of the Snake Pit
 18127 | Lair:2   | Reached skill level 5 in Necromancy
 18299 | Lair:2   | Reached skill level 1 in Invocations
 18775 | Lair:3   | Found a staircase to the Swamp.
 18780 | Lair:3   | Reached skill level 10 in Spellcasting
 19313 | Lair:3   | Reached ****** piety under Hepliaklqana
 19883 | Lair:4   | Reached skill level 5 in Summonings
 20481 | Orc:1    | Entered Level 1 of the Orcish Mines
 20515 | D:10     | Entered Level 10 of the Dungeon
 20716 | D:10     | Noticed a boulder beetle
 20738 | D:10     | Reached XP level 13. HP: 69/105 MP: 24/27
 20750 | D:10     | Paralysed by something for 5 turns
 20793 | D:10     | Reached skill level 5 in Fighting
 21502 | D:10     | Noticed a fire dragon
 21514 | D:10     | Killed a fire dragon
 21926 | D:10     | Found a runed translucent door.
 21926 | D:10     | Found a runed translucent door.
 21936 | D:10     | Reached skill level 10 in Unarmed Combat
 22134 | D:10     | Reached skill level 5 in Ice Magic
 22898 | D:11     | Mangled by a death knight

Illustrated notes

Levels and vault maps discovered:
D:1:      arrival_zaba_pyramid, layout_basic,
          shapermc_ecumenical_altar_notcrosses, minmay_worlds_worst_comb
D:2:      layout_basic, serial_bayou_lagoon_a
D:3:      layout_basic, serial_curves, eino_curves_01, eino_curves_04,
          kennysheep_generic_room_15
D:4:      minmay_general_purpose_star, layout_loops_ring,
          hangedman_minor_gate_pass, uniq_duvessa, uniq_robin, uniq_ijyb
D:5:      minmay_opposing_rooms, layout_loops_corners, trog_wizard,
          minmay_temple_entry_grid
D:6:      layout_cave_pods, minmay_misc_feat_tiny, minmay_starry_boxes,
          uniq_pikel
D:7:      layout_rooms, general_overflow_altar, uniq_maggie
D:8:      layout_basic, serial_shops, nicolae_shop_crystal,
          ebering_ghost_reflecting_pool, minmay_crystal_room,
          minmay_sticks_and_stones, uniq_maurice
D:9:      layout_basic, lair_entry_dummy, david_orc_3, hangedman_decor_push,
          nicolae_island_escapes
D:10:     minmay_the_grid_four_pointed_star
          [minmay_the_grid_triangle_9x9_windchime,
          minmay_the_grid_triangle_9x9_odd_lines,
          minmay_the_grid_triangle_9x9_swiss_cheese,
          minmay_the_grid_triangle_9x9_tough_junction,
          minmay_the_grid_prize_four_corners], layout_loops_cross
D:11:     nzn_winding_woodlands_huge [nzn_winding_woodlands_5x15_jagged,
          nzn_winding_woodlands_5x15_default,
          nzn_winding_woodlands_5x15_pockets,
          nzn_winding_woodlands_5x15_default,
          nzn_winding_woodlands_5x15_pathside_ponds,
          nzn_winding_woodlands_5x15_sawtooth,
          nzn_winding_woodlands_5x15_default, nzn_winding_woodlands_5x15_zeroes,
          nzn_winding_woodlands_5x15_parted,
          nzn_winding_woodlands_5x15_lazy_stream,
          nzn_winding_woodlands_center_pierced_h,
          nzn_winding_woodlands_center_diamonds,
          nzn_winding_woodlands_15x15_five_gardens], layout_irregular_city,
          serial_shops, nicolae_shop_window_shopping, minmay_microvault
Lair:1:   layout_layer_cave, lemuel_fruit_fields, lemuel_fruit_tree,
          infiniplex_staircase_pool_2, grunt_megastairs_3, uniq_urug
Lair:2:   layout_regular_city, guppyfry_snake_entry_island, serial_bayou_shore_a
Lair:3:   layout_chaotic_city, skrybe_swamp_entry_bodies,
          chequers_serial_rivers_room_b, nicolae_quartered_pool_medium
Lair:4:   layout_long_grid
Snake:1:  layout_concentric_octagons, st_stairs_5, uniq_roxanne
Orc:1:    layout_caves, mines2_lemuel

Skill      XL: |  1  2  3  4  5  6  7  8  9 10 11 12 13 |
---------------+----------------------------------------+-----
Unarmed Combat | 3 4 5 6 7 8 9 10 | 10.2
Transmutations | 2 3 4 5 6 7 8 |  8.3
Fighting       | 2 3 4 5 |  5.2
Dodging        | 2 3 4 5 6 |  6.2
Spellcasting   | 3 4 5 6 7 8 9 10 | 10.7
Stealth        | 1 2 |  2.2
Armour         | 2 3 4 |  4.0
Poison Magic   | 1 2 3 |  3.3
Ice Magic      | 1 3 4 5 |  5.0
Necromancy     | 2 4 5 6 |  6.4
Summonings     | 3 5 6 |  6.1
Invocations    | 1 |  1.0

Action                   |  1- 3 |  4- 6 |  7- 9 | 10-12 | 13-15 || total
-------------------------+-------+-------+-------+-------+-------++-------
Melee: Unarmed           |    86 |   107 |   200 |   956 |    90 ||  1439
       Kick              |    12 |    22 |    28 |       |       ||    62
       Headbutt          |     4 |    15 |    14 |       |       ||    33
       Punch             |     1 |     5 |     3 |     9 |       ||    18
 Cast: Beastly Appendage |    20 |    21 |    26 |       |       ||    67
       Wereblood         |     4 |     6 |    16 |    29 |     6 ||    61
       Spider Form       |       |       |    13 |    33 |       ||    46
       Ice Form          |       |       |       |    50 |    11 ||    61
Invok: Ancestor Identity |     2 |       |       |       |       ||     2
       Recall Ancestor   |     1 |       |       |     1 |       ||     2
       Ancestor Life: Ba |     1 |       |       |       |       ||     1
       Idealise          |       |       |       |     1 |       ||     1
  Use: Potion            |       |     1 |       |     1 |     2 ||     4
       Scroll            |       |       |     5 |    10 |       ||    15
 Stab: Distracted        |     1 |       |     1 |     5 |     2 ||     9
       Sleeping          |       |       |       |       |     1 ||     1
Armor: Robe              |    21 |    21 |    11 |     4 |       ||    57
       Skin              |       |       |     2 |    54 |    18 ||    74
Dodge: Dodged            |    29 |    64 |   143 |   362 |    51 ||   649
